 Dungeon Crawl Stone Soup version 0.26.0-3-g156281e41b (webtiles) character file.

Game seed: 13602077356168906071

16691 DildoBatman the Geomancer (level 12, -8/86 HPs)
             Began as a Formicid Conjurer on Jan 9, 2021.
             Was an Elder of Kikubaaqudgha.
             Shot with a bolt by an orc warrior (17 damage)
             ... on level 2 of the Orcish Mines.
             The game lasted 00:55:39 (12138 turns).

DildoBatman the Geomancer (Formicid Conjurer)      Turns: 12138, Time: 00:55:39

Health: -8/86      AC:  8    Str: 12    XL:     12   Next: 73%
Magic:  18/31      EV: 14    Int: 29    God:    Kikubaaqudgha [****..]
Gold:   1476       SH: 12    Dex: 14    Spells: 8/25 levels left

rFire    . . .     SeeInvis +   a - +6 hand axe of Freehold {venom, rPois MP+9}
rCold    . . .     Faith    .   H - +1 kite shield of Good Intentions {Dex+5 Stlth+}
rNeg     . . .     Spirit   .   L - +1 robe {Will+}
rPois    +         Reflect  .   (helmet unavailable)
rElec    .         Harm     .   m - +0 cloak
rCorr    .         Rampage  .   y - +0 pair of gloves
Will     ++...                  f - +1 pair of boots
Stlth    +++.......             r - amulet of regeneration
HPRegen  0.64/turn              A - ring of poison resistance
MPRegen  0.22/turn              c - +6 ring of intelligence

@: no status effects
A: permanent stasis, dig shafts and tunnels, four strong arms, antennae 3
a: Dig, Shaft Self, Renounce Religion, Receive Corpses


You were on level 2 of the Orcish Mines.
You worshipped Kikubaaqudgha.
Kikubaaqudgha was greatly pleased with you.
You visited 3 branches of the dungeon, and saw 13 of its levels.
You also visited: Bailey.

You collected 1731 gold pieces.
You spent 255 gold pieces at shops.

Inventory:

Hand Weapons
 a - the +6 hand axe of Freehold (weapon) {venom, rPois MP+9}
   (You found it on level 10 of the Dungeon)

   It poisons the flesh of those it strikes.
   It protects you from poison.
   It affects your magic capacity (+9).
 b - a +0 hunting sling
Missiles
 g - 123 sling bullets
 i - 18 javelins
 k - 235 arrows
 l - 53 poisoned darts
 n - 345 bolts
 B - 2 throwing nets (quivered)
 D - 18 boomerangs
 G - 9 silver boomerangs
 N - 243 stones
 T - 7 datura-tipped darts
Armour
 f - a +1 pair of boots (worn)
 m - a +0 cloak (worn)
 y - a +0 pair of gloves (worn)
 H - the +1 kite shield of Good Intentions (worn) {Dex+5 Stlth+}
   (You found it on level 6 of the Dungeon)

   It affects your dexterity (+5).
   It makes you more stealthy.
 L - a +1 robe of willpower (worn)
Magical Staves
 u - an uncursed staff of air
 C - an uncursed staff of earth
 J - an uncursed staff of cold
 K - an uncursed staff of death
Jewellery
 c - a +6 ring of intelligence (right hand)
 r - an amulet of regeneration (around neck)
 s - an uncursed ring of resist corrosion
 A - a ring of poison resistance (left hand)
 E - an uncursed amulet of guardian spirit
Wands
 h - a wand of enslavement (15)
 I - a wand of disintegration (21)
 O - a wand of flame (14)
 R - a wand of polymorph (6)
 S - a wand of acid (5)
 W - a wand of iceblast (20)
Scrolls
 j - a scroll of fog {unknown}
 p - 4 scrolls of immolation
 t - 3 scrolls of enchant weapon
 w - a scroll of amnesia {unknown}
 x - 4 scrolls of remove curse
 z - a scroll of identify
 F - 2 scrolls of fear
 M - 3 scrolls of enchant armour
 U - a scroll of random uselessness {unknown}
Potions
 o - 2 potions of mutation {unknown}
 q - 3 potions of ambrosia
 v - a potion of flight {unknown}
 P - a potion of resistance {unknown}
 Q - 9 potions of curing
 V - 3 potions of brilliance {unknown}
 X - 12 potions of lignification


   Skills:
 - Level 5.0 Fighting
 - Level 7.6 Armour
 - Level 4.0 Dodging
 - Level 2.4 Stealth
 - Level 9.0 Shields
 * Level 7.0 Spellcasting
 - Level 6.0 Conjurations
 * Level 9.0 Necromancy
 * Level 12.0 Earth Magic


You had 8 spell levels left.
You knew the following spells:

 Your Spells              Type           Power        Failure   Level
a - Searing Ray           Conj           90%          1%          2
b - Borgnjor's Vile Clut  Necr/Erth      31%          1%          5
c - Magic Dart            Conj           100%         1%          1
d - Vampiric Draining     Necr           29%          1%          3
h - Dispel Undead         Necr           58%          1%          4
z - Sublimation of Blood  Necr           29%          1%          2

Your spell library contained the following spells:

 Spells                   Type           Power        Failure   Level
 Pain                     Necr           100%         1%          1
 Corpse Rot               Necr/Air       N/A          1%          2
 Agony                    Necr           58%          3%          5
 Excruciating Wounds      Necr           29%          3%          5
 Dazzling Flash           Conj/Hex       54%          4%          3
 Petrify                  Tmut/Erth      45%          4%          4
 Fulminant Prism          Conj/Hex       13%          14%         4
 Iskenderun's Mystic Bla  Conj/Tloc      27%          14%         4
 Confusing Touch          Hex            10%          16%         3
 Gell's Gravitas          Tloc           5%           16%         3
 Simulacrum               Ice/Necr       18%          77%         6
 Metabolic Englaciation   Hex/Ice        5%           80%         5
 Yara's Violent Unravell  Hex/Tmut       5%           80%         5


Dungeon Overview and Level Annotations

Branches:
Dungeon (10/15)            Temple (1/1) D:7            Lair (0/6) D:9
    Orc (2/2) D:9             Elf (0/3) Orc:2        Bailey (visited)

Altars:
Ashenzari
Cheibriados
Dithmenos
Elyvilon
Fedhas
Gozag
Hepliaklqana
Kikubaaqudgha
Makhleb
Nemelex Xobeh
Okawaru
Qazlal
Ru
Sif Muna
Trog
Uskayaw
Vehumet
Wu Jian
Xom
Yredelemnul
Zin
The Shining One
Lugonu

Shops:
D:5 !}   D:6 [   D:7 =   D:9 [(   Orc:1 =

Annotations:
D:1 exclusion: electric eel
D:2 exclusion: angel
D:3 exclusion: moth of wrath
D:10 3 runed translucent doors, exclusion: obsidian statue, Destapler's ghost, novice GnCK
Orc:1 exclusion: 4 orange crystal statues


Innate Abilities, Weirdness & Mutations

You cannot be hasted, slowed, berserked, paralysed or teleported.
You can dig through walls and to a lower floor.
Your four strong arms can wield two-handed weapons with a shield.
You have a pair of large antennae on your head. (SInv)


Message History

Anything else - Cancel.
You shout for attention!
Casting: Borgnjor's Vile Clutch (dangerous; 1% risk of failure)
Confirm with . or Enter, or press ? or * to list all spells.
Aiming: Borgnjor's Vile Clutch (dangerous; 1% risk of failure)
Press: ? - help, Shift-Dir - straight line, f - orc warrior
Aim: an orc warrior, wielding a +0 arbalest and quivering 12 bolts (0% to evade) Zombie hands grab the orc warrior.
The zombie hands constrict the orc warrior.
The stone giant throws a large rock.
The large rock hits you!!!
Ouch! That really hurt!
The orc warrior shoots a bolt.
You block the bolt.
An orc comes into view. It is wielding a +0 flail.
The zombie hands constrict the orc warrior!
The orc warrior shoots a bolt.
The bolt hits you!
You die...
Kikubaaqudgha rasps: "You have failed me!
Welcome... death!"

.................. ..
...........C........
.....................#
......#..............##
....#..#.........##...#
...#>.. #......).#.#.#
.......##.......)....##
.....O.#(....#..)<....#
....oo.@(...##...))).##
........#....##.##)####
.......##...######)##.##
..#...# ##.## #..)...# .
##.# ### ##.##.)) ##
#####.# ### #. ##


You could see a stone giant, an orc warrior (clutched), an ogre and an orc.

Vanquished Creatures
  An orc warlord (Orc:1)
  The ghost of Saltbearer the Fighter, a journeyman TrDe of the Shining One (Orc:1)
  Harold (D:8)
  A centaur warrior (Orc:2)
  A two-headed ogre (D:9)
  2 orc knights (Orc:2)
  A cyclops (D:10)
  Psyche (D:8)
  3 trolls
  A hornet (D:9)
  Grinder (D:2)
  4 slime creatures
  3 wargs
  Edmund (D:4)
  34 orc warriors
  2 ice beasts (D:5)
  4 sky beasts
  3 black bears
  3 necrophages
  2 phantoms
  8 ogres
  6 centaurs
  Blork the orc (D:4)
  5 bullfrogs
  7 scorpions
  3 killer bees (D:7)
  4 wights (D:8)
  7 howler monkeys
  An electric eel (D:10)
  A jelly (D:9)
  2 bullfrog zombies
  12 orc priests
  2 hounds
  5 bullfrog skeletons
  A centaur skeleton (D:7)
  5 iguanas
  22 orc wizards
  5 worker ants
  A killer bee zombie (D:9)
  A hound zombie (D:5)
  A worker ant zombie (D:8)
  11 gnolls
  6 adders
  2 shadow imps
  A white imp (D:7)
  3 ufetubi
  3 oozes
  An adder zombie (D:8)
  5 worms
  3 dart slugs
  4 leopard geckos
  63 orcs
  A giant cockroach (D:7)
  10 goblins
  11 hobgoblins
  10 jackals
  24 kobolds
  3 quokkas
  A ball python (D:2)
  6 bats
  5 frilled lizards
  A jackal zombie (D:8)
  A quokka zombie (D:5)
  17 rats
362 creatures vanquished.

Vanquished Creatures (others)
  An orc wizard (D:5)
  A rat (D:2)
  11 fungi (D:9)
  8 plants (D:9)
21 creatures vanquished.

Grand Total: 383 creatures vanquished

Notes
Turn   | Place    | Note
-------+----------+-------------------------------------------
     0 | D:1      | DildoBatman the Formicid Conjurer began the quest for the
                  | Orb.
     0 | D:1      | Reached XP level 1. HP: 13/13 MP: 3/3
    17 | D:1      | Noticed an electric eel
   275 | D:1      | Reached XP level 2. HP: 13/19 MP: 1/5
   644 | D:1      | Reached XP level 3. HP: 24/24 MP: 6/6
   654 | D:1      | Learned a level 2 spell: Searing Ray
   969 | D:2      | Reached XP level 4. HP: 30/30 MP: 3/7
  1058 | D:2      | Reached skill level 5 in Conjurations
  1272 | D:2      | Found a glowing silver altar of Zin.
  1274 | D:2      | Noticed an angel
  1280 | D:2      | Found a shimmering altar of Xom.
  1744 | D:3      | Found a shadowy altar of Dithmenos.
  1848 | D:3      | Reached XP level 5. HP: 35/35 MP: 8/8
  1938 | D:3      | Noticed a moth of wrath
  2044 | D:3      | Found a bloodstained altar of Trog.
  2621 | D:4      | Noticed an ogre
  2801 | D:4      | Reached XP level 6. HP: 39/41 MP: 2/11
  2885 | D:4      | Noticed Grinder
  3090 | D:4      | Noticed Blork the orc
  3153 | D:4      | Found a shimmering blue altar of Sif Muna.
  3153 | D:4      | Found a sacrificial altar of Ru.
  3205 | D:4      | Noticed Edmund
  3596 | D:5      | Entered Level 5 of the Dungeon
  3644 | D:5      | Found Mysoneci's Distillery.
  3647 | D:5      | Bought a potion of degeneration for 15 gold pieces
  3718 | D:5      | Found a radiant altar of Vehumet.
  3719 | D:5      | Found a snail-covered altar of Cheibriados.
  3720 | D:5      | Found an opulent altar of Gozag.
  3720 | D:5      | Found a hide-covered altar of Uskayaw.
  3720 | D:5      | Found a basalt altar of Yredelemnul.
  3721 | D:5      | Found a sparkling altar of Nemelex Xobeh.
  3769 | D:5      | Reached XP level 7. HP: 25/46 MP: 0/13
  4039 | D:5      | Reached skill level 5 in Spellcasting
  4234 | D:5      | Found Geathe's Gadget Shop.
  4655 | D:6      | Got an encrusted kite shield
  4661 | D:6      | Identified the +1 kite shield of Good Intentions {Dex+5
                  | Stlth+} (You found it on level 6 of the Dungeon)
  4691 | D:6      | Found Ivoikasch's Antique Armour Shop.
  4713 | D:6      | Reached skill level 1 in Shields
  4799 | D:6      | Reached XP level 8. HP: 52/52 MP: 12/17
  5093 | D:6      | Reached skill level 5 in Shields
  5592 | D:7      | Reached XP level 9. HP: 57/57 MP: 13/18
  5642 | D:7      | Reached skill level 1 in Fighting
  5642 | D:7      | Reached skill level 1 in Armour
  5903 | D:7      | Found Zoxahyh's Jewellery Shop.
  5911 | D:7      | Found a staircase to the Ecumenical Temple.
  5924 | Temple   | Entered the Ecumenical Temple
  6027 | Temple   | Became a worshipper of Kikubaaqudgha
  6440 | D:4      | Killed Blork the orc
  6543 | D:4      | Killed Edmund
  6616 | D:2      | Killed Grinder
  6617 | D:2      | Reached XP level 10. HP: 71/72 MP: 12/20
  6911 | D:8      | Reached skill level 5 in Fighting
  6911 | D:8      | Reached skill level 5 in Armour
  7026 | D:8      | Found a broken altar of Ashenzari.
  7026 | D:8      | Noticed Harold
  7097 | D:8      | Found a shadowy altar of Dithmenos.
  7099 | D:8      | Noticed Psyche
  7146 | D:8      | Reached * piety under Kikubaaqudgha
  7146 | D:8      | Identified Kikubaaqudgha's Incunabulum of Evil
                  | (Kikubaaqudgha gifted it to you on level 8 of the Dungeon)
  7146 | D:8      | Received a gift from Kikubaaqudgha
  7153 | D:8      | Learned a level 2 spell: Sublimation of Blood
  7157 | D:8      | Learned a level 3 spell: Vampiric Draining
  7199 | D:8      | Reached skill level 1 in Necromancy
  7309 | D:8      | You fall into a shaft and drop 1 floor!
  7322 | D:9      | Noticed a two-headed ogre
  7353 | D:9      | Killed a two-headed ogre
  7370 | D:9      | Found a flagged portal.
  7400 | D:9      | Reached skill level 5 in Necromancy
  7429 | D:9      | Found Kotomag's Armour Shop.
  7429 | D:9      | Found a staircase to the Orcish Mines.
  7429 | D:9      | Found Ymu Ugeb's Weapon Shop.
  7478 | D:9      | Found a staircase to the Lair.
  7509 | D:9      | Reached XP level 11. HP: 79/79 MP: 0/21
  7604 | Bailey   | Entered a bailey
  7645 | Bailey   | Reached ** piety under Kikubaaqudgha
  7844 | Bailey   | Found a bloodstained altar of Trog.
  8182 | D:9      | Found a stormy altar of Qazlal.
  8285 | D:9      | Found a shimmering altar of Xom.
  8703 | D:8      | Killed Psyche
  8754 | D:8      | Killed Harold
  9349 | D:5      | Bought a potion of curing for 45 gold pieces
  9401 | D:6      | Bought a pair of glowing boots for 195 gold pieces
  9409 | D:6      | You fall into a shaft and drop 1 floor!
  9462 | D:10     | Entered Level 10 of the Dungeon
  9554 | D:10     | Found a runed translucent gate.
  9556 | D:10     | Found a runed translucent gate.
  9556 | D:10     | Found a runed translucent gate.
  9637 | D:10     | Found an opulent altar of Gozag.
  9637 | D:10     | Noticed an obsidian statue
  9638 | D:10     | Noticed Destapler's ghost (novice GnCK)
  9638 | D:10     | Noticed a cyclops
 10011 | D:10     | Found a hazy altar of Hepliaklqana.
 10102 | D:10     | Reached *** piety under Kikubaaqudgha
 10102 | D:10     | Identified Kikubaaqudgha's Handbook of Sinister Secrets
                  | (Kikubaaqudgha gifted it to you on level 10 of the Dungeon)
 10102 | D:10     | Received a gift from Kikubaaqudgha
 10109 | D:10     | Learned a level 4 spell: Dispel Undead
 10115 | D:10     | Learned a level 5 spell: Borgnjor's Vile Clutch
 10260 | D:10     | Got a brightly glowing hand axe
 10285 | D:10     | Noticed a cyclops
 10305 | D:10     | Killed a cyclops
 10306 | D:10     | Reached skill level 2 in Earth Magic
 10411 | D:9      | Identified the +6 hand axe of Freehold {venom, rPois MP+9}
                  | (You found it on level 10 of the Dungeon)
 10442 | Orc:1    | Entered Level 1 of the Orcish Mines
 10442 | Orc:1    | Noticed an orc warlord
 10458 | Orc:1    | Found Velasical's Jewellery Shoppe.
 10465 | Orc:1    | Found a runed translucent door.
 10500 | Orc:1    | Reached skill level 3 in Earth Magic
 10614 | Orc:1    | Reached skill level 4 in Earth Magic
 10779 | Orc:1    | Killed an orc warlord
 10780 | Orc:1    | Reached skill level 6 in Earth Magic
 10855 | Orc:1    | Reached skill level 7 in Earth Magic
 10858 | Orc:1    | Reached XP level 12. HP: 69/86 MP: 9/22
 10960 | Orc:1    | Found a runed translucent gate.
 10960 | Orc:1    | Found a runed translucent gate.
 10960 | Orc:1    | Found a runed translucent gate.
 10960 | Orc:1    | Noticed Saltbearer's ghost (journeyman TrDe)
 11223 | Orc:1    | Found the +10 tower shield of Ignorance {rN+ Int-4}
 11238 | Orc:1    | Found a runed translucent door.
 11337 | Orc:1    | Killed Saltbearer's ghost
 11338 | Orc:1    | Reached skill level 8 in Earth Magic
 11567 | Orc:2    | Entered Level 2 of the Orcish Mines
 11618 | Orc:2    | Reached skill level 9 in Earth Magic
 11618 | Orc:2    | Noticed a centaur warrior
 11626 | Orc:2    | Reached **** piety under Kikubaaqudgha
 11629 | Orc:2    | Killed a centaur warrior
 11630 | Orc:2    | Reached skill level 10 in Earth Magic
 11865 | Orc:2    | Reached skill level 11 in Earth Magic
 12099 | Orc:2    | Reached skill level 12 in Earth Magic
 12129 | Orc:2    | Found a staircase to the Elven Halls.
 12135 | Orc:2    | Noticed a stone giant
 12138 | Orc:2    | Shot with a bolt by an orc warrior

Illustrated notes

Levels and vault maps discovered:
D:1:      arrival_aquarium_a, layout_loops_ring
D:2:      layout_basic, grunt_temple_overflow_order_and_chaos_1, chequers_jeans
D:3:      layout_loops_ring, nicolae_overflow_crystal_walls, st_stairs_9,
          tgw_trog
D:4:      layout_cave_pools, nicolae_overflow_hidden_temple, chequers_arboretum,
          hangedman_abyss_or_decor_passed, item_on_display_a,
          uniq_blork_the_orc, uniq_grinder, uniq_edmund
D:5:      layout_loops_ring, grunt_temple_overflow_open, serial_shops, shop,
          kennysheep_mini
D:6:      layout_rooms, serial_shops, shop_fountains, grunt_potential
D:7:      layout_basic, minmay_temple_entry_trees, serial_shops,
          nicolae_shop_crystal
D:8:      layout_loops_ring, basic_altar, hangedman_decor_growths,
          minmay_hedge_maze, ashenzari_altar_1, uniq_psyche, uniq_harold
D:9:      layout_loops_cross, grunt_lair_entry_orc_guard_hut, orc_david_3,
          enter_bailey_8, basic_altar, tgw_xom
D:10:     layout_basic, basic_altar, ebering_ghost_gozag, lightli_minifort
Temple:   kb_corrupted_temple
Orc:1:    layout_caves, ebering_ghost_rock_garden, serial_shops, shop,
          chequers_guarded_unrand_ignorance
Orc:2:    st_orc_rangers, layout_caves

Skill      XL: |  1  2  3  4  5  6  7  8  9 10 11 12 |
---------------+-------------------------------------+-----
Conjurations   | 4 5 6 |  6.0
Spellcasting   | 3 4 6 7 |  7.0
Shields        | 2 7 9 |  9.0
Fighting       | 4 5 |  5.0
Armour         | 4 6 7 |  7.6
Dodging        | 3 4 |  4.0
Necromancy     | 6 9 |  9.0
Earth Magic    | 7 12 | 12.0
Stealth        | |  2.4

Action                   |  1- 3 |  4- 6 |  7- 9 | 10-12 || total
-------------------------+-------+-------+-------+-------++-------
Melee: Unarmed           |     3 |       |       |       ||     3
       Hand axe          |       |       |       |   215 ||   215
       Dagger            |       |       |       |    64 ||    64
       Hunting sling     |       |       |       |     1 ||     1
 Fire: Hunting sling     |    29 |   113 |   126 |   158 ||   426
Throw: Throwing net      |       |       |       |     2 ||     2
       Stone             |       |       |       |     1 ||     1
 Cast: Magic Dart        |    45 |    68 |    23 |    18 ||   154
       Searing Ray       |       |    15 |    47 |    66 ||   128
       Vampiric Draining |       |       |       |    48 ||    48
       Sublimation of Bl |       |       |       |    20 ||    20
       Borgnjor's Vile C |       |       |       |    26 ||    26
       Dispel Undead     |       |       |       |     5 ||     5
 Abil: Dig               |       |     9 |    15 |    19 ||    43
       Shaft Self        |       |       |       |     1 ||     1
Evoke: Wand              |       |       |       |     1 ||     1
  Use: Scroll            |       |     3 |     1 |     7 ||    11
 Stab: Held in net/web   |       |       |       |     1 ||     1
Armor: Robe              |     1 |    11 |    18 |    50 ||    80
Dodge: Dodged            |     8 |    34 |    41 |   167 ||   250
Block: Kite shield       |       |       |    19 |   226 ||   245
